AoeStats
← Codisius

Arena

508143632Analyzed
1v1 RM · 12d ago on Sep 21, 2026· 55m 51s· 2 players
Game mode
Random Map
Map size
Tiny (2 player)
Population
200
Speed
Normal
Resources
Standard
Victory
Conquest
Starting age
Dark Age
Ending age
Imperial Age
RankedLock teamsTeams togetherTeam positionsShared explorationLock speedFull tech treeHidden civsTurbo modeCheats
Victory
Defeat
🇨🇴 Japanese · Colombia
142
+14
🇦🇷 Vikings · Argentina
94
-14
Marqués Pontificio
7:51 Loom
11:44 Feudal Age
13:28 Town Watch
22:00 Castle Age
20:52 Double-Bit Axe
20:49 Horse Collar
24:17 Bow Saw
27:46 Gold Mining
28:59 Heavy Plow
30:55 Town Patrol
31:33 Gold Shaft Mining
30:51 Stone Mining
30:53 Treadmill Crane
31:10 Murder Holes
31:16 Fletching
31:41 Forging
31:39 Scale Barding Armor
35:31 Imperial Age
35:57 Cavalier
35:58 Light Cavalry
36:32 Fletching
37:19 Iron Casting
37:05 Chain Barding Armor
36:46 Padded Archer Armor
36:47 Scale Mail Armor
37:12 Ballistics
37:53 Chemistry
37:18 Conscription
38:05 Chieftains
38:08 Bodkin Arrow
39:39 Two-Man Saw
39:41 Crop Rotation
38:36 Elite Skirmisher
39:27 Gambesons
39:42 Squires
39:28 Arson
39:27 Crossbowman
41:36 Siege Engineers
41:15 Pikeman
43:49 Blast Furnace
45:12 Bracer
50:36 Leather Archer Armor
49:56 Heavy Scorpion
50:53 Fortified Wall
Codisius
0:32 Loom
14:34 Feudal Age
15:50 Wheelbarrow
15:06 Double-Bit Axe
15:04 Horse Collar
19:10 Gold Mining
19:12 Stone Mining
23:26 Castle Age
24:23 Hand Cart
24:10 Heavy Plow
24:47 Gold Shaft Mining
24:25 Bow Saw
27:02 Forging
27:13 Scale Mail Armor
27:34 Scale Barding Armor
28:45 Iron Casting
29:09 Chain Mail Armor
29:40 Chain Barding Armor
34:56 Imperial Age
36:49 Two-Man Saw
40:12 Blast Furnace
39:43 Plate Mail Armor
47:26 Elite Samurai
Connection lost

Rejoining the realm…

Still unreachable

The connection could not be restored.

Session expired

The server has moved on; the page needs a fresh start.